 Dungeon Crawl Stone Soup version 0.23-a0-844-gdc03e01 (console) character file.

116 bli the Ducker (level 5, -1/41 HPs)
             Began as a Merfolk Monk on Jan 26, 2019.
             Killed by nerve-wracking pain
             ... invoked by Grinder
              (14 damage)
             ... on level 3 of the Dungeon.
             The game lasted 00:03:40 (1778 turns).

bli the Ducker (Merfolk Monk)                       Turns: 1778, Time: 00:03:41

Health: -1/41      AC:  3    Str: 11    XL:     5   Next: 1%
Magic:  5/5        EV: 16    Int: 10    God:
Gold:   116        SH:  0    Dex: 17    Spells: 4/4 levels left

rFire    . . .     SeeInvis .   a - +0 falchion
rCold    . . .     Gourm    .   (no shield)
rNeg     . . .     Faith    .   b - +0 robe
rPois    .         Spirit   .   (no helmet)
rElec    .         Reflect  .   h - +0 cloak
rCorr    .         Harm     .   (no gloves)
MR       .....                  (no boots)
Stlth    ++........             (no amulet)
HPRegen  0.13/turn              i - ring of wizardry
MPRegen  0.09/turn              (no ring)

@: no status effects
A: change form in water, swift swim, stealthy swim
a: no special abilities


You were on level 3 of the Dungeon.
You were not hungry.

You visited 1 branch of the dungeon, and saw 3 of its levels.

You collected 116 gold pieces.

Inventory:

Hand Weapons
 a - a +0 falchion (weapon)
 d - a +0 hunting sling
Missiles
 e - 24 sling bullets
 k - 12 poisoned needles
Armour
 b - a +0 robe (worn)
 h - a +0 cloak (worn)
Jewellery
 i - a ring of wizardry (left hand)
Scrolls
 j - a scroll of enchant armour {unknown}
 m - a scroll of fear {unknown}
 n - 3 scrolls of identify {unknown}
Potions
 f - 2 potions of berserk rage {unknown}
 g - 3 potions of curing {unknown}
 o - a potion of lignification {unknown}
Comestibles
 c - 3 rations
 l - 2 chunks of flesh


   Skills:
 + Level 3.3 Fighting
 * Level 5.1 Long Blades
 + Level 5.5 Dodging
 + Level 2.1 Stealth


You had 4 spell levels left.
You didn't know any spells.
Your spell library was empty.

Dungeon Overview and Level Annotations

Branches:
Dungeon (3/15)

Altars:

Annotations:
D:3 Grinder


Message History

You slash the orc!
You kill the orc!
You have reached level 5!
You feel clever. The bat completely misses you.
You riposte.
You miss the bat.
The bat is moderately wounded.
You hit the bat.
You kill the bat!
Grinder gestures at you. Pain shoots through your body!
You closely miss Grinder. Grinder completely misses you.
You riposte.
You hit Grinder.
Grinder is lightly wounded.
You hit Grinder but do no damage.
Grinder is lightly wounded.
Grinder hits you!
You writhe in agony.
You barely miss Grinder.
Grinder is lightly wounded.
Grinder gestures at you. Pain shoots through your body!
You die...

##..........#
##.#.......#
#.#.......#
#####.#........
#†....#>.......
#.#####........
#.# #........
#.# #######
#.########
#).......#
#)@......#
#.5#####.# #..#
#... ##.# #..
#.. ###


You could see Grinder.

Vanquished Creatures
  5 adders
  An ooze (D:1)
  3 worms (D:2)
  2 dart slugs (D:2)
  2 leopard geckos
  An orc (D:3)
  2 ball pythons (D:1)
  3 bats
  4 goblins
  5 hobgoblins
  4 jackals
  8 kobolds
  A quokka (D:2)
  4 frilled lizards
  10 rats
55 creatures vanquished.

Notes
Turn   | Place    | Note
-------+----------+-------------------------------------------
     0 | D:1      | bli the Merfolk Monk began the quest for the Orb.
     0 | D:1      | Reached XP level 1. HP: 18/18 MP: 1/1
   164 | D:1      | Reached XP level 2. HP: 23/24 MP: 2/2
   621 | D:1      | Reached skill level 5 in Dodging
   621 | D:1      | Reached XP level 3. HP: 23/29 MP: 3/3
  1119 | D:2      | Reached XP level 4. HP: 22/35 MP: 4/4
  1700 | D:3      | Reached skill level 5 in Long Blades
  1765 | D:3      | Noticed Grinder
  1773 | D:3      | Reached XP level 5. HP: 34/41 MP: 5/5
  1778 | D:3      | Killed from afar by Grinder

Vault maps used:
D:1:      saegor_arrival_simple_e
D:3:      lemuel_coloured_pillars_altar, tso_metal_star, fedhas_altar_4,
          nicolae_ashenzari_panopticon, uniq_grinder, uniq_terence, uniq_jessica

Skill      XL: |  1  2  3  4 |
---------------+-------------+-----
Dodging        | 5 |  5.5
Long Blades    | 4 5 |  5.1
Fighting       | |  3.3
Stealth        | |  2.1

Action                   |  1- 3 |  4- 6 || total
-------------------------+-------+-------++-------
Melee: Falchion          |    83 |    72 ||   155
 Stab: Sleeping          |     8 |     5 ||    13
  Eat: Chunk             |     1 |     2 ||     3
Armor: Robe              |     9 |    11 ||    20
Dodge: Dodged            |    62 |    57 ||   119
       Rpst.: Falchion   |    19 |    20 ||    39

Table legend:
 A = Non-vault XP
 B = Vault XP
 C = Vault XP percentage of total XP
 D = Non-vault monster count
 E = Vault monster count
 F = Vault count percentage of total count
                 A         B        C        D         E       F
            +---------+---------+-------+---------+---------+-------
      Total |     167 |       0 |   0.0 |      55 |       0 |   0.0
            +---------+---------+-------+---------+---------+-------
        D:1 |      34 |       0 |   0.0 |      16 |       0 |   0.0
        D:2 |     107 |       0 |   0.0 |      31 |       0 |   0.0
        D:3 |      26 |       0 |   0.0 |       8 |       0 |   0.0
            +---------+---------+-------+---------+---------+-------
